 Dungeon Crawl Stone Soup version 0.31-a0-984-gbfb7dba898 (webtiles) character file.

Game seed: 10178346906016969974

14 Nedwor the Cutter (level 2, -2/22 HPs)
             Began as a Demonspawn Gladiator on Nov 3, 2023.
             Slain by a hobgoblin (4 damage)
             ... on level 1 of the Dungeon.
             The game lasted 00:00:17 (161 turns).

Nedwor the Cutter (Demonspawn Gladiator)             Turns: 161, Time: 00:00:18

Health: -2/22      AC:  3    Str: 14    XL:     2   Next: 27%
Magic:  2/2        EV: 12    Int:  9    God:
Gold:   0          SH:  0    Dex: 14    Spells: 1/1 levels left

rFire   . . .        a - +0 rapier
rCold   . . .        (no shield)
rNeg    . . .        b - +0 leather armour
rPois   .            (helmet restricted)
rElec   .            (no cloak)
rCorr   .            (no gloves)
SInv    .            (no boots)
Will    .....        (no amulet)
Stlth   +            (no ring)
HPRegen 0.23/turn    (no ring)
MPRegen 0.08/turn

%: no passive effects
@: lethally poisoned (-2 -> -7)
A: antennae 1
a: no special abilities


You were on level 1 of the Dungeon.
You visited 1 branch of the dungeon, and saw 1 of its levels.

Inventory:

Hand Weapons
 a - a +0 rapier (weapon)
Missiles
 d - 3 throwing nets (quivered)
 e - a javelin
Armour
 b - a +0 leather armour (worn)
 c - a +0 helmet


   Skills:
 + Level 2.2 Fighting
 * Level 3.1 Short Blades
 - Level 1.7 Throwing
 + Level 2.9 Dodging


You had one spell level left.
You didn't know any spells.
Your spell library was empty.

Dungeon Overview and Level Annotations

Branches:
Dungeon (1/15)

Altars:


Innate Abilities, Weirdness & Mutations

You have a pair of small antennae on your head.


Message History

The kobold is severely wounded.
The kobold hits you but does no damage.
You barely miss the kobold.
The kobold is severely wounded.
The kobold closely misses you. The goblin hits you with a +0 dagger.
The goblin misses you.
You puncture the kobold!
You kill the kobold!
The goblin completely misses you. The goblin misses you.
You barely miss the hobgoblin. The goblin closely misses you.
The hobgoblin closely misses you.
The goblin hits you with a +1 dagger of venom.
You are poisoned.
The rat bites you.
You barely miss the hobgoblin.
You feel sick. The goblin hits you with a +0 dagger. The goblin misses you.
The hobgoblin hits you but does no damage.
The rat bites you but does no damage.
You hit the hobgoblin.
The hobgoblin is heavily wounded.
You feel sick. The goblin hits you with a +0 dagger.
The goblin hits you but does no damage.
You are lethally poisoned!
The hobgoblin hits you but does no damage.
The rat twitches its whiskers.
The rat bites you.
You feel very sick. The goblin attacks as it pursues you!
The goblin hits you with a +0 dagger. The hobgoblin hits you.
* * * LOW HITPOINT WARNING * * *
You feel very sick.
The hobgoblin attacks as it pursues you!
The hobgoblin misses you. The goblin hits you but does no damage.
* * * LOW HITPOINT WARNING * * *
You feel sick.
You barely miss the hobgoblin.
The hobgoblin is heavily wounded.
* * * LOW HITPOINT WARNING * * *
You feel sick. The hobgoblin hits you.
You die...

........ ..#..
#......# ....
.......### ##...
......... ....
......... #..
#........
..###..###)#......
...#....##r.......
... #@gg........ #
#.. ###gr.......
#.#..####.........
........†.#.......
#...#..#...#.....
#...#....###...#.
#.#....#####....
####.#..............
.........#.........#


You could see a hobgoblin, 2 goblins and 2 rats.

Vanquished Creatures
  2 ball pythons (D:1)
  3 bats (D:1)
  An endoplasm (D:1)
  A giant cockroach (D:1)
  A goblin (D:1)
  2 kobolds (D:1)
  2 rats (D:1)
12 creatures vanquished.

Notes
Turn   | Place    | Note
-------+----------+-------------------------------------------
     0 | D:1      | Nedwor the Demonspawn Gladiator began the quest for the
                  | Orb.
     0 | D:1      | Reached XP level 1. HP: 16/16 MP: 1/1
    96 | D:1      | Reached skill level 3 in Short Blades
   101 | D:1      | Gained mutation: You have a pair of small antennae on your
                  | head. [demonic ancestry]
   101 | D:1      | Reached XP level 2. HP: 12/22 MP: 2/2
   161 | D:1      | Slain by a hobgoblin

Illustrated notes

Levels and vault maps discovered:
D:1:      sevenhm_arrival_forest_fort_large_2, layout_rooms, minmay_pentomino_s2

Skill      XL: |  1 |
---------------+----+-----
Short Blades   | 3 |  3.1
Fighting       | |  2.2
Throwing       | |  1.7
Dodging        | |  2.9

Action                     || total
---------------------------++-------
  Melee: Rapier            ||    30
   Stab: Sleeping          ||     1
 Armour: Leather armour    ||    24
  Dodge: Dodged            ||    26

Table legend: (Time is in decaauts)
 A = Elapsed time spent in this place.
 B = Non-inter-level travel time spent in this place.
 C = Inter-level travel time spent in this place.
 D = Time resting spent in this place.
 E = Time spent auto-exploring this place.
 F = Levels seen in this place.
 G = Mean time per level.
                   A        B        C        D        E       F      G
               +--------+--------+--------+--------+--------+-----+--------+
         Total |    162 |    162 |      0 |      0 |    106 |   1 |  162.0 |
       Dungeon |    162 |    162 |      0 |      0 |    106 |   1 |  162.0 |
               +--------+--------+--------+--------+--------+-----+--------+

Top non-repeatable levels by time:
     D:1: 162 daAuts
